 Dungeon Crawl Stone Soup version 0.27.1-1-g398f81649c (webtiles) character file.

Game seed: 6086318301828048821

1558 Descartes the Covert (level 8, 0/37 HPs)
             Began as a Spriggan Warper on Sept 22, 2021.
             Was an Initiate of Gozag.
             Slain by a sky beast (1 damage)
             ... on level 6 of the Dungeon.
             The game lasted 00:15:58 (10727 turns).

Descartes the Covert (Spriggan Warper)             Turns: 10727, Time: 00:15:59

Health: 0/37       AC:  4    Str:  9    XL:     8   Next: 58%
Magic:  13/13      EV: 20    Int: 15    God:    Gozag
Gold:   233        SH:  0    Dex: 14    Spells: 13/13 levels left

rFire    + . .     SeeInvis +   j - +0 short sword (elec)
rCold    + . .     Faith    .   (shield restricted)
rNeg     . . .     Spirit   .   x - +2 robe {rC+ rF+}
rPois    .         Reflect  .   (helmet restricted)
rElec    .         Harm     .   (no cloak)
rCorr    .         Rampage  .   (gloves unavailable)
Will     +....                  (boots unavailable)
Stlth    ++++......             (no amulet)
HPRegen  0.12/turn              (no ring)
MPRegen  0.13/turn              (no ring)

@: very quick
A: very small, no large weapons, unfitting armour, see invisible, speed 3
a: Renounce Religion, Potion Petition, Call Merchant, Bribe Branch


You were on level 6 of the Dungeon.
You worshipped Gozag.
Gozag was aware of your devotion.
You visited 2 branches of the dungeon, and saw 7 of its levels.

You collected 329 gold pieces.
You paid 96 gold pieces to Gozag.

Inventory:

Hand Weapons
 j - a +0 short sword of electrocution (weapon)
 v - a +0 rapier
Missiles
 b - 13 sling bullets
 d - 4 boomerangs of dispersal
 i - 12 boomerangs (quivered)
 o - 57 bolts
 p - 97 stones
 r - 66 arrows
 s - 21 poisoned darts
Armour
 x - a +2 robe of resistance (worn)
Magical Staves
 z - a staff of air
 C - a staff of death
Wands
 B - a wand of flame (33)
Scrolls
 a - 2 scrolls of teleportation {unknown}
 c - 2 scrolls of blinking
 e - 2 scrolls of enchant armour {unknown}
 f - 3 scrolls of identify {unknown}
 l - a scroll of fear {unknown}
 q - a scroll of magic mapping {unknown}
 t - a scroll of noise {unknown}
 y - a scroll of acquirement {unknown}
Potions
 g - a potion of might {unknown}
 h - 3 potions of curing
 k - a potion of ambrosia {unknown}
 m - a potion of flight {unknown}
 n - a potion of magic {unknown}
 u - a potion of brilliance {unknown}
 w - a potion of haste {unknown}
 A - a potion of lignification {unknown}
 D - a potion of berserk rage {unknown}


   Skills:
 - Level 1.5 Fighting
 + Level 5.7 Short Blades
 - Level 1.0 Throwing
 + Level 7.8 Dodging
 + Level 8.3 Stealth
 - Level 3.0 Spellcasting
 - Level 5.0 Translocations
 + Level 6.9 Evocations


You had 13 spell levels left.
You didn't know any spells.
Your spell library contained the following spells:

 Spells                   Type           Power      Damage    Failure   Level
 Blink                    Tloc           N/A        N/A       3%          2
 Gell's Gravitas          Tloc           8%         N/A       8%          3
 Lesser Beckoning         Tloc           8%         N/A       8%          3
 Teleport Other           Tloc           17%        N/A       8%          3
 Manifold Assault         Tloc           17%        N/A       56%         5


Dungeon Overview and Level Annotations

Branches:
Dungeon (6/15)             Temple (1/1) D:6

Altars:
Ashenzari
Cheibriados
Elyvilon
Fedhas
Gozag
Kikubaaqudgha
Okawaru
Qazlal
Ru
Sif Muna
Trog
Uskayaw
Vehumet
Wu Jian
Xom
Yredelemnul
Zin
The Shining One

Annotations:
D:4 2 transporters, Pikel


Innate Abilities, Weirdness & Mutations

You are very small and have problems with some larger weapons.
You are too small for most types of armour.
You have supernaturally acute eyesight. (SInv)
You cover ground extremely quickly. (Speed+++)


Message History

The sky beast hits you. The sky beast shocks you.
You are too injured to fight recklessly!
You are too injured to fight recklessly!
You are too injured to fight recklessly!
You are too injured to fight recklessly!
You are too injured to fight recklessly!
You are too injured to fight recklessly!
You are too injured to fight recklessly!
You are too injured to fight recklessly!
You are too injured to fight recklessly!
You are too injured to fight recklessly!
You are too injured to fight recklessly!
You are too injured to fight recklessly!
You are too injured to fight recklessly!
You are too injured to fight recklessly!
You are too injured to fight recklessly!
You are too injured to fight recklessly!
You are too injured to fight recklessly!
You are too injured to fight recklessly!
You are too injured to fight recklessly!
You are too injured to fight recklessly!
You are too injured to fight recklessly!
You are too injured to fight recklessly!
You hit the sky beast.
The sky beast is heavily wounded.
The sky beast hits you. The sky beast shocks you.
* * * LOW HITPOINT WARNING * * *
You hit the sky beast but do no damage.
The sky beast is heavily wounded.
The sky beast hits you.
* * * LOW HITPOINT WARNING * * *
The sky beast shocks you.
* * * LOW HITPOINT WARNING * * *
You hit the sky beast but do no damage.
The sky beast is heavily wounded.
You hit the sky beast.
The sky beast is severely wounded.
The sky beast hits you.
You die...
Your body crumbles into a pile of gold.

.....#####.....# #)).......
.....#...#.....####.[.......
.....#...#...##.........####
.....#...######.........##
######...####............###..
........<##.....######........
####.....##.....######........
.........##..................
..#......##P$P..@Y...........
....#.....##.##..........##
....'.....#...#P.........# ######
...##.......>............# #...<.
.........P#...#P.........# #.....
..#+##'#'###.##..........###.....
.......#.#.......................
.....###.#.......................
.....'...#.......................


You could see a sky beast.

Vanquished Creatures
  Duvessa (D:3)
  A necrophage (D:3)
  A black bear (D:4)
  A kobold brigand (D:6)
  Blork the orc (D:5)
  2 scorpions
  A wyvern zombie (D:5)
  A bullfrog (D:6)
  A wyvern skeleton (D:5)
  Dowan (D:4)
  4 hounds
  2 orc priests
  A bullfrog zombie (D:5)
  4 jellies
  A centaur skeleton (D:6)
  Terence (D:3)
  An iguana (D:4)
  3 orc wizards
  Natasha (thrice) (D:4)
  A hound skeleton (D:4)
  8 gnolls
  2 howler monkey skeletons
  4 adders
  A white imp (D:6)
  An ufetubus (D:6)
  3 dart slugs
  16 orcs
  4 ball pythons
  6 bats
  5 endoplasms
  6 giant cockroaches
  4 goblins
  6 hobgoblins
  2 jackals (D:1)
  9 kobolds
  4 frilled lizards
  4 rats
117 creatures vanquished.

Vanquished Creatures (others)
  4 plants
4 creatures vanquished.

Grand Total: 121 creatures vanquished

Notes
Turn   | Place    | Note
-------+----------+-------------------------------------------
     0 | D:1      | Descartes the Spriggan Warper began the quest for the Orb.
     0 | D:1      | Reached XP level 1. HP: 10/10 MP: 5/5
   188 | D:1      | Reached XP level 2. HP: 14/14 MP: 6/6
   220 | D:1      | Reached skill level 1 in Stealth
   403 | D:1      | Reached skill level 1 in Evocations
  2022 | D:2      | Reached XP level 3. HP: 18/18 MP: 8/8
  2208 | D:2      | Found a faded altar of an unknown god.
  2385 | D:2      | Reached skill level 2 in Stealth
  2412 | D:2      | Reached skill level 5 in Translocations
  2715 | D:3      | Reached XP level 4. HP: 9/22 MP: 9/9
  3083 | D:3      | Noticed a necrophage
  3097 | D:3      | Killed a necrophage
  3098 | D:3      | Reached skill level 3 in Stealth
  3098 | D:3      | Reached XP level 5. HP: 23/25 MP: 10/10
  3191 | D:3      | Noticed Terence
  3200 | D:3      | Killed Terence
  3901 | D:4      | Reached skill level 4 in Stealth
  3901 | D:4      | Noticed Natasha
  4106 | D:4      | Found a transporter.
  4113 | D:3      | Reached XP level 6. HP: 30/30 MP: 11/11
  4119 | D:3      | Reached skill level 5 in Dodging
  4505 | D:4      | Found a transporter.
  4583 | D:4      | Killed Natasha
  5008 | D:4      | Noticed Duvessa
  5008 | D:4      | Noticed Dowan
  5010 | D:4      | Killed Dowan
  5011 | D:4      | Reached skill level 5 in Stealth
  5254 | D:3      | Killed Duvessa
  5255 | D:3      | Reached XP level 7. HP: 19/33 MP: 12/12
  5450 | D:4      | Found an ornate altar of the Wu Jian Council.
  5939 | D:4      | Found a white marble altar of Elyvilon.
  5940 | D:4      | Noticed Pikel
  6626 | D:4      | Reached skill level 6 in Stealth
  6898 | D:4      | Noticed Natasha
  6905 | D:4      | Killed Natasha
  7014 | D:4      | Reached skill level 5 in Evocations
  7244 | D:5      | Entered Level 5 of the Dungeon
  7486 | D:4      | Noticed Natasha
  7502 | D:4      | Killed Natasha
  7619 | D:5      | Reached skill level 5 in Short Blades
  7688 | D:5      | Reached skill level 7 in Stealth
  7688 | D:5      | Reached XP level 8. HP: 20/37 MP: 13/13
  8061 | D:5      | Noticed Blork the orc
  8070 | D:5      | Killed Blork the orc
  8338 | D:6      | Found a staircase to the Ecumenical Temple.
  8405 | Temple   | Entered the Ecumenical Temple
  8410 | Temple   | Became a worshipper of Gozag Ym Sagoz the Greedy
  9489 | D:6      | Reached skill level 8 in Stealth
  9681 | D:6      | Found a bloodstained altar of Trog.
 10725 | D:6      | HP: 1/37 [sky beast (6)]
 10727 | D:6      | Slain by a sky beast

Illustrated notes

Levels and vault maps discovered:
D:1:      mushboom_english_gardens, layout_basic,
          amcnicky_mini_rare_corridor_liquid, minmay_misc_feat_encased
D:2:      layout_rooms, shapermc_ecumenical_altar_venn, minmay_strange_pillars
D:3:      layout_loops_ring, kennysheep_cluttered_room,
          kennysheep_generic_room_3, uniq_terence
D:4:      gammafunk_steamed_eel, layout_gridville,
          pdpol_wu_jian_five_deadly_venoms,
          mainiacjoe_overflow_concentric_impassable, serial_forest,
          infiniplex_forest_clump_diagonal, infiniplex_forest_lined_room_,
          infiniplex_forest_clump_curved, infiniplex_forest_clump_C,
          uniq_duvessa, uniq_pikel, uniq_natasha
D:5:      layout_rooms, minivault_1, uniq_blork_the_orc
D:6:      layout_basic, trog_antimagical, minmay_temple_entry_gardened_gates
Temple:   minmay_freezing_vapour_temple

Skill      XL: |  1  2  3  4  5  6  7  8 |
---------------+-------------------------+-----
Stealth        | 1 2 3 4 5 7 8 |  8.3
Evocations     | 1 2 3 4 5 6 |  6.9
Spellcasting   | 3 |  3.0
Translocations | 5 |  5.0
Dodging        | 4 5 6 7 |  7.8
Short Blades   | 3 4 5 |  5.7
Fighting       | |  1.5
Throwing       | |  1.0

Action                   |  1- 3 |  4- 6 |  7- 9 || total
-------------------------+-------+-------+-------++-------
Melee: Short sword       |   146 |    91 |   265 ||   502
Throw: Boomerang         |     4 |       |       ||     4
  Use: Potion            |       |       |     1 ||     1
 Stab: Sleeping          |     5 |     3 |     5 ||    13
       Distracted        |       |       |     2 ||     2
Armor: Robe              |    26 |     9 |    18 ||    53
Dodge: Dodged            |   117 |    78 |   225 ||   420
